NYP
LOS ANGELES (NYP) DODGERS @ WILLIAMSPORT CROSSCUTTERS
07/09/2044
 
TOP OF THE 1ST
Los Angeles (NYP) Dodgers batting - Pitching for Williamsport Crosscutters : LHP Pat Palazzolo
Pitching: LHP Pat Palazzolo
Batting: RHB Mario Mejia 0-0: Called Strike
0-1: Foul Ball, location: 2F
0-2: Strikes out swinging
Batting: RHB Leo Cuellar 0-0: Ball
1-0: SINGLE (Groundball, 6, EV 94.4 MPH)
Batting: RHB John Piccolo 0-0: Ball
1-0: Foul Ball, location: 2F
1-1: Ball
2-1: Foul Ball, location: 2F
2-2: Foul Ball, location: 2F
2-2: Ball
3-2: Ground out 1-3 (Groundball, 13S, EV 76.3 MPH)
Leo Cuellar to second
Batting: SHB Chris Ackerson 0-0: Fly out, F7 (Line Drive, 7D, EV 93.1 MPH)
Top of the 1st over - 0 runs, 1 hit, 0 errors, 1 left on base; Los Angeles (NYP) 0 - Williamsport 0
BOTTOM OF THE 1ST
Williamsport Crosscutters batting - Pitching for Los Angeles (NYP) Dodgers : RHP Dave Bible
Pitching: RHP Dave Bible
Batting: RHB Prabhukumar Santhanakrishnan 0-0: Called Strike
0-1: Swinging Strike
0-2: Foul Ball, location: 2F
0-2: Strikes out swinging
Batting: RHB Alan Weller 0-0: Fly out, F9 (Flyball, 89S, EV 91.3 MPH)
Batting: SHB Benjamin Brown 0-0: Ball
1-0: SINGLE (Groundball, 6S, EV 68.8 MPH) (infield hit)
Batting: LHB Tsuneharu Nishimura 0-0: Ball
Benjamin Brown steals 2nd, throwing error, E2
Benjamin Brown to third
1-0: Ball
2-0: Called Strike
2-1: Foul Ball, location: 2F
2-2: Ground out U3 (Groundball, 34, EV 87.5 MPH)
Bottom of the 1st over - 0 runs, 1 hit, 1 error, 1 left on base; Los Angeles (NYP) 0 - Williamsport 0
TOP OF THE 2ND
Los Angeles (NYP) Dodgers batting - Pitching for Williamsport Crosscutters : LHP Pat Palazzolo
Batting: LHB Kippy McGrath 0-0: Ball
1-0: Swinging Strike
1-1: Called Strike
1-2: Foul Ball, location: 2F
1-2: Ball
2-2: Strikes out swinging
Batting: RHB Eddie Perry 0-0: Called Strike
0-1: Ball
1-1: Called Strike
1-2: Foul Ball, location: 2F
1-2: Strikes out swinging
Batting: LHB Bobby Gambrell 0-0: Called Strike
0-1: Ball
1-1: SINGLE (Line Drive, 78S, EV 104.4 MPH)
Batting: LHB Fernando Amaya 0-0: Ball
1-0: Ball
2-0: Foul Ball, location: 2F
2-1: Ball
3-1: Foul Ball, location: 2F
3-2: Strikes out swinging
Top of the 2nd over - 0 runs, 1 hit, 0 errors, 1 left on base; Los Angeles (NYP) 0 - Williamsport 0
BOTTOM OF THE 2ND
Williamsport Crosscutters batting - Pitching for Los Angeles (NYP) Dodgers : RHP Dave Bible
Batting: RHB Matt McDevitt 0-0: Called Strike
0-1: Foul Ball, location: 2F
0-2: Ball
1-2: Foul Ball, location: 2F
1-2: Ground out 4-3 (Groundball, 4S, EV 85.0 MPH)
Batting: RHB Allen Gravel 0-0: Ball
1-0: Ground out U3 (Groundball, 34S, EV 85.0 MPH)
Batting: RHB Moritake Fukumoto 0-0: Called Strike
0-1: Foul Ball, location: 2F
0-2: Ball
1-2: Foul Ball, location: 2F
1-2: SINGLE (Line Drive, 6M, EV 106.3 MPH)
Batting: RHB Jimmy Misener 0-0: Called Strike
0-1: Ball
1-1: Foul Ball, location: 2F
1-2: Foul Ball, location: 2F
1-2: Strikes out swinging, 2-3 out at first.
Bottom of the 2nd over - 0 runs, 1 hit, 0 errors, 1 left on base; Los Angeles (NYP) 0 - Williamsport 0
TOP OF THE 3RD
Los Angeles (NYP) Dodgers batting - Pitching for Williamsport Crosscutters : LHP Pat Palazzolo
Batting: RHB Jonathan Quijada 0-0: Ground out U3 (Groundball, 13, EV 83.1 MPH)
Batting: RHB Mario Mejia 0-0: Ball
1-0: Swinging Strike
1-1: Ball
2-1: Foul Ball, location: 2F
2-2: Ball
3-2: Foul Ball, location: 2F
3-2: Strikes out looking
Batting: RHB Leo Cuellar 0-0: Called Strike
0-1: Fly out, F6 (Line Drive, 6, EV 68.8 MPH)
Top of the 3rd over - 0 runs, 0 hits, 0 errors, 0 left on base; Los Angeles (NYP) 0 - Williamsport 0
BOTTOM OF THE 3RD
Williamsport Crosscutters batting - Pitching for Los Angeles (NYP) Dodgers : RHP Dave Bible
Batting: RHB Ken Gadberry 0-0: Called Strike
0-1: Foul Ball, location: 2F
0-2: Ball
1-2: Strikes out swinging
Batting: RHB Prabhukumar Santhanakrishnan 0-0: Ball
1-0: Swinging Strike
1-1: Called Strike
1-2: Ground out 4-3 (Groundball, 4, EV 88.1 MPH)
Batting: RHB Alan Weller 0-0: Swinging Strike
0-1: Foul Ball, location: 2F
0-2: Ball
1-2: Foul Ball, location: 2F
1-2: Fly out, F8 (Flyball, 8LD, EV 94.4 MPH)
Bottom of the 3rd over - 0 runs, 0 hits, 0 errors, 0 left on base; Los Angeles (NYP) 0 - Williamsport 0
TOP OF THE 4TH
Los Angeles (NYP) Dodgers batting - Pitching for Williamsport Crosscutters : LHP Pat Palazzolo
Batting: RHB John Piccolo 0-0: Foul Ball, location: 2F
0-1: SOLO HOME RUN (Flyball, 8RXD, EV 115.0 MPH), Distance : 437 ft
Batting: SHB Chris Ackerson 0-0: Called Strike
0-1: Ground out 6-3 (Groundball, 6, EV 96.9 MPH)
Batting: LHB Kippy McGrath 0-0: Ground out 6-3 (Groundball, 6, EV 81.3 MPH)
Batting: RHB Eddie Perry 0-0: Called Strike
0-1: Foul Ball, location: 2F
0-2: Foul Ball, location: 2F
0-2: Ball
1-2: Ball
2-2: Foul Ball, location: 2F
2-2: Ball
3-2: Strikes out looking
Top of the 4th over - 1 run, 1 hit, 0 errors, 0 left on base; Los Angeles (NYP) 1 - Williamsport 0
BOTTOM OF THE 4TH
Williamsport Crosscutters batting - Pitching for Los Angeles (NYP) Dodgers : RHP Dave Bible
Batting: SHB Benjamin Brown 0-0: Ball
1-0: Called Strike
1-1: DOUBLE (Line Drive, 9LS, EV 90.0 MPH)
Batting: LHB Tsuneharu Nishimura 0-0: Called Strike
Benjamin Brown steals 3rd base
0-1: Ball
1-1: Called Strike
1-2: Foul Ball, location: 2F
1-2: Strikes out swinging
Batting: RHB Matt McDevitt 0-0: Foul Ball, location: 2F
0-1: SINGLE (Line Drive, 89M, EV 96.9 MPH)
Benjamin Brown scores
Batting: RHB Allen Gravel 0-0: Ball
1-0: Foul Ball, location: 2F
1-1: SINGLE (Groundball, 56D, EV 94.4 MPH)
Matt McDevitt to second
Batting: RHB Moritake Fukumoto 0-0: Ball
1-0: Ball
2-0: Ball
3-0: Foul Ball, location: 2F
3-1: Base on Balls
Matt McDevitt to third
Allen Gravel to second
Batting: RHB Jimmy Misener 0-0: Called Strike
0-1: Foul Ball, location: 2F
0-2: Ball
1-2: Foul Ball, location: 2F
1-2: Hit by Pitch
Matt McDevitt scores
Allen Gravel to third
Moritake Fukumoto to second
Batting: RHB Ken Gadberry 0-0: Ball
1-0: Ball
2-0: Ball
3-0: Called Strike
3-1: Base on Balls
Allen Gravel scores
Moritake Fukumoto to third
Jimmy Misener to second
Pitching: LHP Jake Hall
Batting: RHB Prabhukumar Santhanakrishnan 0-0: Hit by Pitch
Moritake Fukumoto scores
Jimmy Misener to third
Ken Gadberry to second
Batting: RHB Alan Weller 0-0: Called Strike
0-1: Fly out, F9 (Flyball, 9, EV 88.1 MPH)
Batting: SHB Benjamin Brown 0-0: Ball
1-0: Foul Ball, location: 2F
1-1: Ball
2-1: Foul Ball, location: 2F
2-2: Ball
3-2: Foul Ball, location: 2F
3-2: Ground out U3 (Groundball, 3, EV 102.5 MPH)
Bottom of the 4th over - 4 runs, 3 hits, 0 errors, 3 left on base; Los Angeles (NYP) 1 - Williamsport 4
TOP OF THE 5TH
Los Angeles (NYP) Dodgers batting - Pitching for Williamsport Crosscutters : LHP Pat Palazzolo
Batting: LHB Bobby Gambrell 0-0: Ball
1-0: Ball
2-0: Called Strike
2-1: Swinging Strike
2-2: Strikes out swinging
Batting: LHB Fernando Amaya 0-0: Ground out 5-3 (Groundball, 56, EV 90.0 MPH)
Batting: RHB Jonathan Quijada 0-0: Called Strike
0-1: Foul Ball, location: 2F
0-2: Ball
1-2: Strikes out swinging
Top of the 5th over - 0 runs, 0 hits, 0 errors, 0 left on base; Los Angeles (NYP) 1 - Williamsport 4
BOTTOM OF THE 5TH
Williamsport Crosscutters batting - Pitching for Los Angeles (NYP) Dodgers : LHP Jake Hall
Batting: LHB Tsuneharu Nishimura 0-0: Ball
1-0: Ball
2-0: Fly out, F9 (Flyball, 89S, EV 75.6 MPH)
Batting: RHB Matt McDevitt 0-0: Ball
1-0: Ball
2-0: Called Strike
2-1: Foul Ball, location: 2F
2-2: Foul Ball, location: 2F
2-2: Ground out 5-3 (Groundball, 56S, EV 70.0 MPH)
Batting: RHB Allen Gravel 0-0: Called Strike
0-1: Swinging Strike
0-2: Strikes out swinging
Bottom of the 5th over - 0 runs, 0 hits, 0 errors, 0 left on base; Los Angeles (NYP) 1 - Williamsport 4
TOP OF THE 6TH
Los Angeles (NYP) Dodgers batting - Pitching for Williamsport Crosscutters : LHP Pat Palazzolo
Batting: RHB Mario Mejia 0-0: Called Strike
0-1: Foul Ball, location: 2F
0-2: Fly out, F5 (Line Drive, 5, EV 66.9 MPH)
Batting: RHB Leo Cuellar 0-0: Swinging Strike
0-1: Called Strike
0-2: Strikes out looking
Batting: RHB John Piccolo 0-0: Foul Ball, location: 2F
0-1: Ball
1-1: Called Strike
1-2: Strikes out looking
Top of the 6th over - 0 runs, 0 hits, 0 errors, 0 left on base; Los Angeles (NYP) 1 - Williamsport 4
BOTTOM OF THE 6TH
Williamsport Crosscutters batting - Pitching for Los Angeles (NYP) Dodgers : LHP Jake Hall
Batting: RHB Moritake Fukumoto 0-0: Ball
1-0: Ball
2-0: SINGLE (Flyball, 34D, EV 84.4 MPH)
Batting: RHB Jimmy Misener 0-0: Ball
1-0: Foul Ball, location: 2F
1-1: Fly out, F9 (Line Drive, 9, EV 90.6 MPH)
Batting: RHB Ken Gadberry 0-0: Ball
1-0: Called Strike
1-1: Ball
2-1: Fielders Choice at 2nd, 5-4 (Groundball, 56, EV 89.4 MPH)
Batting: RHB Prabhukumar Santhanakrishnan 0-0: Ball
1-0: Ball
2-0: SINGLE (Groundball, 6S, EV 63.1 MPH) (infield hit)
Ken Gadberry to second
Batting: RHB Alan Weller 0-0: Called Strike
0-1: Ball
1-1: Foul Ball, location: 2F
1-2: Foul Ball, location: 2F
1-2: Foul Ball, location: 2F
1-2: Fly out, F5 (Line Drive, 5, EV 71.9 MPH)
Bottom of the 6th over - 0 runs, 2 hits, 0 errors, 2 left on base; Los Angeles (NYP) 1 - Williamsport 4
TOP OF THE 7TH
Los Angeles (NYP) Dodgers batting - Pitching for Williamsport Crosscutters : LHP Pat Palazzolo
Batting: SHB Chris Ackerson 0-0: Ball
1-0: Foul Ball, location: 2F
1-1: Called Strike
1-2: Strikes out looking
Batting: LHB Kippy McGrath 0-0: Swinging Strike
0-1: Foul Ball, location: 2F
0-2: Foul Ball, location: 2F
0-2: Strikes out looking
Batting: RHB Eddie Perry 0-0: Called Strike
0-1: Ball
1-1: Foul Ball, location: 2F
1-2: SINGLE (Groundball, 56D, EV 95.6 MPH)
Batting: LHB Bobby Gambrell 0-0: Called Strike
0-1: Foul Ball, location: 2F
0-2: Ball
1-2: Fly out, F8 (Flyball, 8LS, EV 81.3 MPH)
Top of the 7th over - 0 runs, 1 hit, 0 errors, 1 left on base; Los Angeles (NYP) 1 - Williamsport 4
BOTTOM OF THE 7TH
Williamsport Crosscutters batting - Pitching for Los Angeles (NYP) Dodgers : LHP Jake Hall
Pitching: RHP Lee Durbin
Batting: SHB Benjamin Brown 0-0: Called Strike
0-1: Foul Ball, location: 2F
0-2: Ground out 1-3 (Groundball, P, EV 71.3 MPH)
Batting: LHB Tsuneharu Nishimura 0-0: Called Strike
0-1: Ball
1-1: Foul Ball, location: 2F
1-2: Ball
2-2: Strikes out swinging
Batting: RHB Matt McDevitt 0-0: Ball
1-0: Ball
2-0: Ball
3-0: Foul Ball, location: 2F
3-1: Base on Balls
Batting: RHB Allen Gravel 0-0: Ball
1-0: TRIPLE (Line Drive, 89XD, EV 106.9 MPH)
Matt McDevitt scores
Batting: RHB Moritake Fukumoto 0-0: Ball
1-0: DOUBLE (Flyball, 78D, EV 115.6 MPH)
Allen Gravel scores
Batting: RHB Jimmy Misener 0-0: Called Strike
0-1: Ground out 5-3 (Groundball, 5L, EV 106.9 MPH)
Bottom of the 7th over - 2 runs, 2 hits, 0 errors, 1 left on base; Los Angeles (NYP) 1 - Williamsport 6
TOP OF THE 8TH
Los Angeles (NYP) Dodgers batting - Pitching for Williamsport Crosscutters : LHP Pat Palazzolo
Batting: LHB Fernando Amaya 0-0: Ball
1-0: Swinging Strike
1-1: Ball
2-1: Foul Ball, location: 2F
2-2: Strikes out swinging
Pitching: RHP Robbie Rojas
Batting: RHB Jonathan Quijada 0-0: Ball
1-0: Foul Ball, location: 2F
1-1: Swinging Strike
1-2: Strikes out swinging
Batting: RHB Mario Mejia 0-0: Ball
1-0: Ball
2-0: Swinging Strike
2-1: Foul Ball, location: 2F
2-2: Ball
3-2: Strikes out looking
Top of the 8th over - 0 runs, 0 hits, 0 errors, 0 left on base; Los Angeles (NYP) 1 - Williamsport 6
BOTTOM OF THE 8TH
Williamsport Crosscutters batting - Pitching for Los Angeles (NYP) Dodgers : RHP Lee Durbin
Batting: RHB Ken Gadberry 0-0: Ball
1-0: Called Strike
1-1: Called Strike
1-2: Ground out 4-3 (Groundball, 4, EV 86.9 MPH)
Batting: RHB Prabhukumar Santhanakrishnan 0-0: Called Strike
0-1: Ball
1-1: Ball
2-1: Foul Ball, location: 2F
2-2: Foul Ball, location: 2F
2-2: Ball
3-2: Strikes out swinging
Batting: RHB Alan Weller 0-0: Called Strike
0-1: Foul Ball, location: 2F
0-2: Ball
1-2: Ball
2-2: Ground out 6-3 (Groundball, 6, EV 93.8 MPH)
Bottom of the 8th over - 0 runs, 0 hits, 0 errors, 0 left on base; Los Angeles (NYP) 1 - Williamsport 6
TOP OF THE 9TH
Los Angeles (NYP) Dodgers batting - Pitching for Williamsport Crosscutters : RHP Robbie Rojas
Batting: RHB Leo Cuellar 0-0: Hit by Pitch
Batting: RHB John Piccolo 0-0: Ball
1-0: Called Strike
1-1: Swinging Strike
1-2: Ball
2-2: Ball
3-2: Foul Ball, location: 2F
3-2: Strikes out swinging
Leo Cuellar steals 2nd base
Batter strikes out.
Batting: SHB Chris Ackerson 0-0: Ball
1-0: Foul Ball, location: 2F
1-1: Ball
2-1: Foul Ball, location: 2F
2-2: Foul Ball, location: 2F
2-2: Strikes out looking
Batting: LHB Kippy McGrath 0-0: Ball
1-0: Ball
2-0: Ground out 3-1 (Groundball, 34S, EV 64.4 MPH)
Top of the 9th over - 0 runs, 0 hits, 0 errors, 1 left on base; Los Angeles (NYP) 1 - Williamsport 6
Thursday, March 31st , 2022 - OOTP Baseball 22.12 Build 89